 Dungeon Crawl Stone Soup version 0.21.1-1-g345015fe64 (webtiles) character file.

108 KarvaRausku the Chopper (level 4, 0/41 HPs)
             Began as a Minotaur Gladiator on July 15, 2018.
             Slain by an adder (3 damage)
             ... on level 2 of the Dungeon.
             The game lasted 00:04:02 (1998 turns).

KarvaRausku the Chopper (Minotaur Gladiator)        Turns: 1998, Time: 00:04:02

Health: 0/41       AC:  3    Str: 17 (20) XL:     4   Next: 58%
Magic:  3/3        EV: 12    Int:  3 (5)  God:
Gold:   84         SH:  0    Dex: 10 (11) Spells: 3/3 levels left

rFire    . . .     SeeInvis .   a - +1 war axe
rCold    . . .     Gourm    .   (no shield)
rNeg     . . .     Faith    .   b - +0 leather armour
rPois    .         Spirit   .   c - +0 hat
rElec    .         Reflect  .   (no cloak)
rCorr    .         Harm     .   (no gloves)
MR       .....                  (no boots)
Stlth    +.........             (no amulet)
HPRegen  0.13/turn              (no ring)
MPRegen  0.08/turn              (no ring)

@: lethally poisoned (0 -> -4)
A: retaliatory headbutt, horns 2
a: no special abilities


You were on level 2 of the Dungeon.
You were hungry.

You visited 1 branch of the dungeon, and saw 3 of its levels.

You collected 84 gold pieces.

Inventory:

Hand Weapons
 a - a +1 war axe (weapon)
Armour
 b - a +0 leather armour (worn)
 c - a +0 hat (worn)
Jewellery
 h - a +2 ring of protection {unknown}
Scrolls
 e - 3 scrolls of identify {unknown}
 g - 2 scrolls of remove curse
 j - a scroll of enchant weapon
 o - a scroll of teleportation {unknown}
 p - a scroll of magic mapping {unknown}
 q - 2 scrolls of noise {unknown}
Comestibles
 f - 5 rations


   Skills:
 + Level 4.3 Fighting
 + Level 5.1 Axes
 - Level 2.0 Throwing
 + Level 1.1 Armour
 - Level 3.2 Dodging


You had 3 spell levels left.
You didn't know any spells.

Dungeon Overview and Level Annotations

Branches:
Dungeon (3/15)

Altars:
Hepliaklqana

Annotations:
D:3 SirChikenkiller's ghost, amateur TrBe


Innate Abilities, Weirdness & Mutations

You reflexively headbutt those who attack you in melee.
You have a pair of horns on your head.


Message History

All of the chunks of flesh in your inventory have rotted away.
There is a stone staircase leading up here.
SirChikenkiller's ghost closely misses you.
The adder bites you.
* * * LOW HITPOINT WARNING * * *
You are lethally poisoned!
The adder poisons you!
You climb upwards.
The ghost fades into the shadows.
SirChikenkiller's ghost disappears!
* * * LOW HITPOINT WARNING * * *
You feel sick.
There is a stone staircase leading down here.
You aren't carrying any potions.
As you read the scroll labeled USSOUH VEOBBUKK, it crumbles to dust.
It is a scroll of enchant weapon.
Your +0 war axe glows red for a moment.
* * * LOW HITPOINT WARNING * * *
You feel sick. The adder misses you.
You hit the adder but do no damage. The adder bites you.
You die...

##### #.)### #...# #..###
#####.#.######...).
#####...._...........#.
#.......#.########..###
#.###.#...# #.#.#. #.#
#.....# #..#.#
#.###.#.#.# #.####
#.....@S#.# #..###
###.#.###.# #.#.#. #.#.#
#.# #.##.# #.#.###.#
#.##.#
#....##.########.##.#
#.............##.##.#
##....##.#.###.##.##.#
####....###.#.##...#.##.#
#....#..# #.†.)......##.#


You could see an adder.

Vanquished Creatures
  Jessica (D:2)
  An adder (D:3)
  2 worms (D:2)
  2 dart slugs
  A leopard gecko (D:2)
  4 orcs (D:3)
  A ball python (D:3)
  2 giant cockroaches
  7 goblins
  5 hobgoblins
  9 jackals
  4 kobolds
  3 quokkas
  6 bats
  A frilled lizard (D:3)
  6 rats
55 creatures vanquished.

Notes
Turn   | Place    | Note
-------+----------+-------------------------------------------
     0 | D:1      | KarvaRausku the Minotaur Gladiator began the quest for the Orb.
     0 | D:1      | Reached XP level 1. HP: 18/18 MP: 0/0
   117 | D:1      | Reached skill level 4 in Axes
   127 | D:1      | Reached XP level 2. HP: 26/26 MP: 1/1
   798 | D:2      | Noticed Jessica
   803 | D:2      | Killed Jessica
   803 | D:2      | Reached XP level 3. HP: 31/33 MP: 2/2
  1108 | D:2      | Reached XP level 4. HP: 37/40 MP: 3/3
  1331 | D:2      | Found a hazy altar of Hepliaklqana.
  1648 | D:3      | Reached skill level 5 in Axes
  1666 | D:3      | Found a hazy altar of Hepliaklqana.
  1907 | D:3      | Reached skill level 1 in Armour
  1957 | D:3      | Noticed SirChikenkiller's ghost (amateur TrBe)
  1997 | D:2      | HP: 2/41 [poisoned by an adder]
  1998 | D:2      | Slain by an adder

Skill      XL: |  1  2  3  4 |
---------------+-------------+-----
Axes           | 4 5 |  5.1
Fighting       | 3 4 |  4.3
Armour         | 1 |  1.1
Throwing       | |  2.0
Dodging        | |  3.2

Action                   |  1- 3 |  4- 6 || total
-------------------------+-------+-------++-------
Melee: War axe           |    57 |    49 ||   106
       Headbutt          |     7 |       ||     7
Throw: Throwing net      |       |     3 ||     3
  Use: Potion            |       |     6 ||     6
       Scroll            |       |     2 ||     2
  Eat: Chunk             |     1 |     2 ||     3
Armor: Leather armour    |    18 |     8 ||    26
Dodge: Dodged            |    38 |    42 ||    80
